 Dungeon Crawl Stone Soup version 0.24-a0-513-g284f782df5 (webtiles) character file.

Game seed: 2003414261206347751

82 KristoblXynda the Slasher (level 4, 0/36 HPs)
             Began as a Draconian Skald on July 20, 2019.
             Slain by an orc
             ... wielding a +2 flail of crushing
              (7 damage)
             ... on level 3 of the Dungeon.
             The game lasted 00:02:22 (2208 turns).

KristoblXynda the Slasher (Draconian Skald)         Turns: 2208, Time: 00:02:23

Health: 0/36       AC:  5    Str: 14    XL:     4   Next: 21%
Magic:  7/7        EV: 12    Int: 14    God:
Gold:   99         SH:  0    Dex: 10    Spells: 6/7 levels left

rFire    . . .     SeeInvis .   a - +0 falchion
rCold    . . .     Gourm    .   (no shield)
rNeg     . . .     Faith    .   (armour unavailable)
rPois    .         Spirit   .   (helmet restricted)
rElec    .         Reflect  .   (no cloak)
rCorr    .         Harm     .   (no gloves)
MR       .....                  (no boots)
Stlth    +.........             (no amulet)
HPRegen  0.12/turn              (no ring)
MPRegen  0.10/turn              (no ring)

@: slowed, very slow
A: unfitting armour, cold-blooded, AC +5
a: no special abilities


You were on level 3 of the Dungeon.
You were not hungry.

You visited 1 branch of the dungeon, and saw 3 of its levels.

You collected 99 gold pieces.

Inventory:

Hand Weapons
 a - a +0 falchion (weapon)
Jewellery
 d - an uncursed ring of wizardry {unknown}
 l - an uncursed ring of positive energy {unknown}
Wands
 n - a wand of flame (17)
Scrolls
 e - a scroll of noise {unknown}
 g - a scroll of teleportation
 i - 2 scrolls of remove curse
 m - a scroll of amnesia {unknown}
 o - a scroll of identify {unknown}
Potions
 b - 2 potions of curing
 f - a potion of haste {unknown}
 h - a potion of brilliance {unknown}
 j - 2 potions of might {unknown}
 k - 2 potions of magic {unknown}
Comestibles
 c - 6 rations
 p - 7 chunks of flesh


   Skills:
 - Level 2.1 Fighting
 * Level 3.5 Long Blades
 + Level 2.7 Dodging
 - Level 2.0 Spellcasting
 + Level 3.2 Charms


You had 6 spell levels left.
You knew the following spells:

 Your Spells              Type           Power        Failure   Level  Hunger
a - Infusion              Chrm           ##..         6%          1    ##.....

Your spell library contained the following spells:

 Spells                   Type           Power        Failure   Level  Hunger
 Song of Slaying          Chrm           ##......     10%         2    ###....
 Shroud of Golubria       Chrm/Tloc      #.....       19%         2    ###....
 Regeneration             Chrm/Necr      #.........   36%         3    ####...
 Spectral Weapon          Hex/Chrm       #.......     36%         3    ####...


Dungeon Overview and Level Annotations

Branches:
Dungeon (3/15)

Altars:
Makhleb
Okawaru
Xom


Innate Abilities, Weirdness & Mutations

Your plain brown scales are hard. (AC +5)
You cannot fit into any form of body armour.
You are cold-blooded and may be slowed by cold attacks.


Message History

You kill the orc!
The orc wizard gestures at you while chanting.
The magic dart hits you.
The orc hits you with a +2 flail of crushing!
* * * LOW HITPOINT WARNING * * *
You barely miss the orc. The orc wizard barely misses you.
You hit the orc wizard.
The orc wizard is severely wounded.
The orc wizard casts a spell.
The orc wizard blinks!
The orc wizard hits you with a +2 dagger of speed.
* * * LOW HITPOINT WARNING * * *
The orc hits you with a +2 flail of crushing.
* * * LOW HITPOINT WARNING * * *
x2 The orc wizard hits you but does no damage.
You feel better.
The orc wizard mumbles some strange words.
The orc wizard blinks!
The orc hits you with a +2 flail of crushing!
You die...

####.########.#
###########.# #.#
..........#.########.###
.................)).....
.................#######
.................#
.................#
......[?....o....#
......o@ยง...)....#######
......).................
###(.######........?....
#. #..........!.. ..
##............ ..
#............ .
#............
#............
#............


You could see an orc wizard and an orc.

Vanquished Creatures
  A gnoll (D:1)
  An adder (D:2)
  2 worms
  7 orcs (D:3)
  6 giant cockroaches
  5 hobgoblins
  2 jackals (D:2)
  A quokka (D:2)
  9 bats
  4 frilled lizards
  3 goblins
  6 kobolds
  3 rats
50 creatures vanquished.

Notes
Turn   | Place    | Note
-------+----------+-------------------------------------------
     0 | D:1      | KristoblXynda the Draconian Skald began the quest for the
                  | Orb.
     0 | D:1      | Reached XP level 1. HP: 17/17 MP: 3/3
   360 | D:1      | Reached XP level 2. HP: 24/24 MP: 5/5
  1059 | D:2      | Reached XP level 3. HP: 15/29 MP: 6/6
  1633 | D:2      | Found a shimmering altar of Xom.
  1635 | D:2      | Found a burning altar of Makhleb.
  1963 | D:2      | Found an iron altar of Okawaru.
  2064 | D:3      | Reached XP level 4. HP: 18/36 MP: 7/7
  2207 | D:3      | HP: 1/36 [orc/+2 flail of crushing (2)]
  2208 | D:3      | Slain by an orc

Levels and vault maps discovered:
D:1:      minmay_arrival_arboretum_small, layout_loops_corners
D:2:      layout_loops_corners, chequers_temple_overflow_statue_of_worship,
          lemuel_doored_altar
D:3:      layout_basic, kennysheep_slug_shrine,
          nicolae_overflow_quartered_altars, lemuel_round_altar, st_stairs_10

Skill      XL: |  1  2  3 |
---------------+----------+-----
Charms         | 3 |  3.2
Long Blades    | 3 |  3.5
Fighting       | |  2.1
Dodging        | |  2.7
Spellcasting   | |  2.0

Action                   |  1- 3 |  4- 6 || total
-------------------------+-------+-------++-------
Melee: Falchion          |   120 |    21 ||   141
       Tailslap          |    14 |     2 ||    16
  Use: Scroll            |     2 |       ||     2
       Potion            |       |     2 ||     2
  Eat: Chunk             |     3 |     1 ||     4
Armor: Skin              |    50 |     6 ||    56
Dodge: Dodged            |    88 |    15 ||   103
       Rpst.: Falchion   |    30 |     6 ||    36

Table legend:
 A = Non-vault XP
 B = Vault XP
 C = Vault XP percentage of total XP
 D = Non-vault monster count
 E = Vault monster count
 F = Vault count percentage of total count
                 A         B        C        D         E       F
            +---------+---------+-------+---------+---------+-------
      Total |     118 |       0 |   0.0 |      50 |       0 |   0.0
            +---------+---------+-------+---------+---------+-------
        D:1 |      39 |       0 |   0.0 |      18 |       0 |   0.0
        D:2 |      34 |       0 |   0.0 |      13 |       0 |   0.0
        D:3 |      45 |       0 |   0.0 |      19 |       0 |   0.0
            +---------+---------+-------+---------+---------+-------
